Wild vs Red Wings

Created - 18 février 2022 at 16:44

Goals
1 2 3 T
Wild 1 2 1 4
Red Wings 1 1 1 3
Shots
1 2 3 T
Wild 12 15 6 33
Red Wings 11 12 12 35

1st period

1. Red Wings , John Tavares 16 (Cam Atkinson 22, Oliver Bjorkstrand 17) at 9:55
2. Wild , Brad Marchand 26 (Patrice Bergeron 37, Alexander Edler 11) at 12:46

Penalties :
No Penalty

2nd period

3. Wild , William Nylander 10 (Jack Eichel 22, Jesper Fast 9) at 5:19
4. Red Wings , Lars Eller 14 (John Tavares 28, Marc-Andre Fleury) at 15:07
5. Wild , Devon Toews 4 (Brad Marchand 35) at 17:53

Penalties :
Jujhar Khaira (DET) for Hooking (Minor) at 6:24, Brad Marchand (MIW) for Roughing (Minor) at 9:21, Elias Lindholm (MIW) for Roughing (Minor) at 17:06, Anton Stralman (DET) for Hooking (Minor) at 17:39

3rd period

6. Red Wings , John Tavares 17 (Haydn Fleury 8, Cam Atkinson 23) at 9:31
7. Wild , Jack Eichel 13 (William Nylander 5, Jesper Fast 10) at 19:10

Penalties :
Brandon Carlo (MIW) for Interference (Minor) at 2:51, Brad Marchand (MIW) for Tripping (Minor) at 12:44

Goalie Stats

Linus Ullmark (MIW), 32 saves from 35 shots - (0,914), W, 11-10-5, 60:00 minutes
Marc-Andre Fleury (DET), 29 saves from 33 shots - (0,879), L, 20-15-5, 59:32 minutes

Players Stats for Wild

Player Name              G  A  P  +/- PIM S  H  SB GA TA FO     MP     PP MP  PK MP  
------------------------------------------------------------------------------------
Adrian Kempe             0  0  0   1  0   1  0  1  0  0  0/2    15:13   0:00   0:00 
Alex DeBrincat           0  0  0  -1  0   4  2  1  0  0  0/0    17:49   1:33   0:06 
Alexander Edler          0  1  1   0  0   2  2  1  1  0  0/0    23:32   1:06   2:59 
Alexandre Carrier        0  0  0  -1  0   2  0  1  0  1  0/0    18:34   1:26   0:00 
Brad Marchand            1  1  2   2  4   6  0  0  0  0  0/3    17:35   1:00   0:12 
Brandon Carlo            0  0  0   2  2   2  0  0  1  0  0/0    17:03   0:00   2:41 
Brayden McNabb           0  0  0   2  0   1  3  1  0  4  0/0    18:32   0:00   2:49 
Chris Tierney            0  0  0  -1  0   2  1  0  0  0  6/9    12:31   0:33   3:44 
Devon Toews              1  0  1   0  0   3  0  2  0  1  0/0    19:14   1:06   0:50 
Elias Lindholm           0  0  0  -1  2   2  3  1  0  3  7/16   20:28   1:32   2:22 
Eric Staal               0  0  0  -1  0   0  1  0  0  0  0/0     6:18   0:00   0:00 
Jack Eichel              1  1  2   1  0   1  0  0  3  0  3/7    12:32   0:59   0:24 
Jesper Fast              0  2  2   1  0   1  1  0  0  0  1/3    15:39   0:00   3:48 
Mario Ferraro            0  0  0  -1  0   0  0  0  0  0  0/0    23:04   1:26   3:41 
Nikita Kucherov          0  0  0  -1  0   0  2  1  1  1  0/2    19:04   0:59   2:15 
Pat Maroon               0  0  0  -1  0   2  1  0  2  0  0/0     6:31   0:00   0:00 
Patrice Bergeron         0  1  1   2  0   2  3  0  1  0  11/22  17:21   1:00   0:09 
William Nylander         1  1  2   1  0   2  0  0  0  1  0/0    11:00   0:00   0:00 

Players Stats for Red Wings

Player Name              G  A  P  +/- PIM S  H  SB GA TA FO     MP     PP MP  PK MP  
------------------------------------------------------------------------------------
Anton Stralman           0  0  0  -1  2   0  1  1  0  2  0/0    19:37   4:10   0:00 
Cam Atkinson             0  2  2   0  0   5  0  0  2  0  1/2    17:09   2:43   0:09 
Connor Brown             0  0  0   0  0   1  0  1  0  1  2/2    17:28   2:43   0:00 
David Pastrnak           0  0  0  -1  0   3  0  2  0  1  1/2    21:49   3:37   1:17 
Duncan Keith             0  0  0   0  0   0  1  2  0  1  0/0    22:46   2:19   1:10 
Dylan DeMelo             0  0  0  -1  0   0  1  2  0  1  0/0    21:40   4:11   1:22 
Haydn Fleury             0  1  1   0  0   2  0  1  0  0  0/0    16:23   0:00   0:49 
Jeff Petry               0  0  0   0  0   1  0  0  1  0  0/0    22:46   2:19   1:10 
John Tavares             2  1  3   0  0   5  2  0  1  0  9/15   19:09   3:37   0:10 
Jujhar Khaira            0  0  0   0  2   1  1  0  0  0  0/0    12:03   0:00   0:00 
Lars Eller               1  0  1   0  0   4  0  0  0  1  1/1    17:06   2:43   0:00 
Mark Scheifele           0  0  0  -1  0   5  1  0  3  0  11/21  20:52   3:37   0:33 
Nick Bonino              0  0  0   0  0   3  0  1  1  0  7/15   11:50   0:10   0:00 
Nico Sturm               0  0  0   0  0   1  0  0  0  1  0/0     8:39   0:00   0:56 
Noel Acciari             0  0  0   0  0   0  1  0  1  0  2/3     8:53   0:10   1:03 
Oliver Bjorkstrand       0  1  1   0  0   4  0  0  1  0  1/2    11:29   0:00   0:00 
Troy Stecher             0  0  0   0  0   0  1  0  0  1  0/0    17:08   0:00   0:33 
Zemgus Girgensons        0  0  0   0  0   0  0  1  1  0  1/1     9:13   0:10   0:56 

3 Stars

1 - John Tavares (DET)
2 - William Nylander (MIW)
3 - Jack Eichel (MIW)

Power Play

Wild - 0 on 2 Attempt(s) - 0,00%
Red Wings - 0 on 4 Attempt(s) - 0,00%

Penalty Kill

Wild - 4 on 4 Attempt(s) - 100,00% - Score 0 goal in Penalty Kill
Red Wings - 2 on 2 Attempt(s) - 100,00% - Score 0 goal in Penalty Kill

Team Stat

Wild - Hits : 19 - Faceoff Wins : 28 - Blocked Shots : 9 - Penalty Minutes : 8
Red Wings - Hits : 9 - Faceoff Wins : 36 - Blocked Shots : 11 - Penalty Minutes : 4

Official

Referees : Gord Dwyer and Wes McCauley
Linesman : Darren Gibbs and Travis Gawryletz

Game Notes

No Game Note

Finance

Level 1 -- Attendance: 3722 (62,03%) -- Ticket Income 483 860 $
Level 2 -- Attendance: 2924 (58,48%) -- Ticket Income 248 540 $
Level 3 -- Attendance: 1380 (69,00%) -- Ticket Income 69 000 $
Level 4 -- Attendance: 3727 (93,18%) -- Ticket Income 93 175 $
Luxury Box -- Attendance: 682 (68,20%) -- Ticket Income 170 500 $
Game was played at the Octopus Arena.
Total Attendance: 12435 (69,08%)
Total Ticket Income: 1 065 075 $
Other Income: 521 887 $
Total Income: 1 586 962 $

Wild

5 vs 5 Forward 
   Center                   Left Wing                Right Wing               Time % Phy DF OF 
 1 Patrice Bergeron         Brad Marchand            Adrian Kempe             33     0   1  4  
 2 Elias Lindholm           Alex DeBrincat           Nikita Kucherov          33     0   1  4  
 3 Jack Eichel              William Nylander         Jesper Fast              24     0   1  4  
 4 Chris Tierney            Eric Staal               Pat Maroon               10     1   3  1  

5 vs 5 Defense 
   Defense                  Defense                                           Time % Phy DF OF 
 1 Devon Toews              Alexander Edler                                   35     1   1  3  
 2 Alexandre Carrier        Mario Ferraro                                     35     1   1  3  
 3 Brandon Carlo            Brayden McNabb                                    30     1   1  3  
 4 Devon Toews              Alexander Edler                                   0      1   2  2  

PowerPlay Forward 
   Center                   Left Wing                Right Wing               Time % Phy DF OF 
 1 Patrice Bergeron         Brad Marchand            Alex DeBrincat           60     0   0  5  
 2 Jack Eichel              Nikita Kucherov          Elias Lindholm           40     0   0  5  

PowerPlay Defense
   Defense                  Defense                                           Time % Phy DF OF 
 1 Devon Toews              Alexander Edler                                   50     0   1  4  
 2 Alexandre Carrier        Mario Ferraro                                     50     0   1  4  

Penalty Kill 4 Players Forward 
   Center                   Wing                     Time % Phy DF OF 
 1 Chris Tierney            Jesper Fast              65     0   4  1  
 2 Patrice Bergeron         Elias Lindholm           35     0   4  1  

Penalty Kill 4 Players Defense
   Defense                  Defense                  Time % Phy DF OF 
 1 Brayden McNabb           Alexander Edler          50     1   4  0  
 2 Mario Ferraro            Brandon Carlo            50     1   4  0  

Penalty Kill - 3 Players Forward 
   Forward                                           Time % Phy DF OF 
 1 Chris Tierney                                     60     1   2  2  
 2 Elias Lindholm                                    40     1   2  2  

Penalty Kill - 3 Players Defense
   Defense                  Defense                  Time % Phy DF OF 
 1 Brandon Carlo            Alexander Edler          60     0   5  0  
 2 Brandon Carlo            Mario Ferraro            40     0   5  0  

4 vs 4 Forward 
   Center                   Wing                     Time % Phy DF OF 
 1 Patrice Bergeron         Brad Marchand            60     1   2  2  
 2 Elias Lindholm           Nikita Kucherov          40     1   2  2  

4 vs 4 Defense
   Defense                  Defense                  Time % Phy DF OF 
 1 Devon Toews              Alexander Edler          60     1   2  2  
 2 Alexandre Carrier        Mario Ferraro            40     1   2  2  

Last Minutes Offensive
   Center                   Left Wing                Right Wing               Defense                  Defense                  
   Patrice Bergeron         Brad Marchand            Alex DeBrincat           Devon Toews              Alexandre Carrier        

Last Minutes Defensive
   Center                   Left Wing                Right Wing               Defense                  Defense                  
   Chris Tierney            Jesper Fast              Elias Lindholm           Mario Ferraro            Alexander Edler          

Goaltenders
Starting : Linus Ullmark            
Backup : Jake Oettinger           

Extra Forwards
Normal : Chris Tierney, Brad Marchand, Alex DeBrincat - PP : Chris Tierney, Jack Eichel - PK : Jesper Fast
Extra Defensemen
Normal : Brandon Carlo, Devon Toews, Alexandre Carrier - PP : Brandon Carlo - PK : Devon Toews, Alexander Edler
Penalty Shots
Jack Eichel, Brad Marchand, Patrice Bergeron, Elias Lindholm, William Nylander
Custom OT Lines Forwards
Jack Eichel, Brad Marchand, Patrice Bergeron, Elias Lindholm, Alex DeBrincat, Chris Tierney, Adrian Kempe, Nikita Kucherov, William Nylander, Eric Staal
Custom OT Lines Defensemen
Devon Toews, Alexander Edler, Alexandre Carrier, Brayden McNabb, Brandon Carlo

Scratches
None

Red Wings

5 vs 5 Forward 
   Center                   Left Wing                Right Wing               Time % Phy DF OF 
 1 Mark Scheifele           David Pastrnak           Connor Brown             36     0   1  4  
 2 John Tavares             Cam Atkinson             Lars Eller               30     0   2  3  
 3 Nick Bonino              Jujhar Khaira            Oliver Bjorkstrand       24     0   3  2  
 4 Noel Acciari             Nico Sturm               Zemgus Girgensons        10     0   3  2  

5 vs 5 Defense 
   Defense                  Defense                                           Time % Phy DF OF 
 1 Duncan Keith             Jeff Petry                                        36     0   3  2  
 2 Dylan DeMelo             Anton Stralman                                    32     0   3  2  
 3 Troy Stecher             Haydn Fleury                                      32     0   3  2  
 4 Duncan Keith             Jeff Petry                                        0      1   2  2  

PowerPlay Forward 
   Center                   Left Wing                Right Wing               Time % Phy DF OF 
 1 John Tavares             David Pastrnak           Mark Scheifele           70     0   1  4  
 2 Lars Eller               Cam Atkinson             Connor Brown             30     0   0  5  

PowerPlay Defense
   Defense                  Defense                                           Time % Phy DF OF 
 1 Jeff Petry               Duncan Keith                                      50     0   2  3  
 2 Dylan DeMelo             Anton Stralman                                    50     0   2  3  

Penalty Kill 4 Players Forward 
   Center                   Wing                     Time % Phy DF OF 
 1 Noel Acciari             Jujhar Khaira            60     1   2  2  
 2 Nick Bonino              Zemgus Girgensons        40     1   2  2  

Penalty Kill 4 Players Defense
   Defense                  Defense                  Time % Phy DF OF 
 1 Jeff Petry               Duncan Keith             60     1   2  2  
 2 Dylan DeMelo             Haydn Fleury             40     1   2  2  

Penalty Kill - 3 Players Forward 
   Forward                                           Time % Phy DF OF 
 1 Noel Acciari                                      60     0   5  0  
 2 Nick Bonino                                       40     0   5  0  

Penalty Kill - 3 Players Defense
   Defense                  Defense                  Time % Phy DF OF 
 1 Jeff Petry               Duncan Keith             50     0   5  0  
 2 Dylan DeMelo             Haydn Fleury             50     0   5  0  

4 vs 4 Forward 
   Center                   Wing                     Time % Phy DF OF 
 1 Mark Scheifele           David Pastrnak           60     0   2  3  
 2 John Tavares             Lars Eller               40     0   2  3  

4 vs 4 Defense
   Defense                  Defense                  Time % Phy DF OF 
 1 Jeff Petry               Duncan Keith             50     0   2  3  
 2 Dylan DeMelo             Anton Stralman           50     0   2  3  

Last Minutes Offensive
   Center                   Left Wing                Right Wing               Defense                  Defense                  
   John Tavares             David Pastrnak           Mark Scheifele           Duncan Keith             Jeff Petry               

Last Minutes Defensive
   Center                   Left Wing                Right Wing               Defense                  Defense                  
   Nick Bonino              Lars Eller               Noel Acciari             Duncan Keith             Jeff Petry               

Goaltenders
Starting : Marc-Andre Fleury        
Backup : Mikko Koskinen           

Extra Forwards
Normal : Cam Atkinson, Jujhar Khaira, Zemgus Girgensons - PP : Noel Acciari, Nick Bonino - PK : Nico Sturm
Extra Defensemen
Normal : Troy Stecher, Haydn Fleury, Dylan DeMelo - PP : Troy Stecher - PK : Haydn Fleury, Troy Stecher
Penalty Shots
Mark Scheifele, John Tavares, David Pastrnak, Nick Bonino, Noel Acciari
Custom OT Lines Forwards
Mark Scheifele, John Tavares, David Pastrnak, Nick Bonino, Noel Acciari, Lars Eller, Oliver Bjorkstrand, Cam Atkinson, Jujhar Khaira, Zemgus Girgensons
Custom OT Lines Defensemen
Jeff Petry, Duncan Keith, Dylan DeMelo, Haydn Fleury, Troy Stecher

Scratches
Andreas Johnsson (Healthy), Ryan Carpenter (Healthy)

% Time on Ice - Wild

Lines # - Real PCT - Wanted PCT - Time Play
Normal Forward
1 - 32% - 33% - 15:41
2 - 32% - 33% - 15:44
3 - 23% - 24% - 11:00
4 - 13% - 10% - 6:18
Normal Defense
1 - 35% - 35% - 17:09
2 - 35% - 35% - 16:59
3 - 30% - 30% - 14:23
4 - 0% - 0% - 0:12
PP Forward
1 - 61% - 60% - 1:33
2 - 39% - 40% - 0:59
PP Defense
1 - 43% - 50% - 1:06
2 - 57% - 50% - 1:26
PK Forward
1 - 98% - 65% - 6:21
2 - 2% - 35% - 0:09
PK Defense
1 - 43% - 50% - 2:46
2 - 57% - 50% - 3:44
PK3 Forward
1 - 0% - 60%
2 - 0% - 40%
PK3 Defense
1 - 0% - 60%
2 - 0% - 40%
44 Forward
1 - 77% - 60% - 1:06
2 - 23% - 40% - 0:20
44 Defense
1 - 81% - 60% - 1:10
2 - 19% - 40% - 0:16
Last Minute Offensive  - 0:00
Last Minute Defensive  - 0:49
Total
Forward - 60:00
Defense - 60:00

% Time on Ice - Red Wings

Lines # - Real PCT - Wanted PCT - Time Play
Normal Forward
1 - 31% - 36% - 15:18
2 - 30% - 30% - 14:27
3 - 24% - 24% - 11:29
4 - 15% - 10% - 7:29
Normal Defense
1 - 36% - 36% - 17:26
2 - 32% - 32% - 15:27
3 - 32% - 32% - 15:34
4 - 1% - 0% - 0:16
PP Forward
1 - 58% - 70% - 3:47
2 - 42% - 30% - 2:43
PP Defense
1 - 36% - 50% - 2:19
2 - 64% - 50% - 4:11
PK Forward
1 - 100% - 60% - 2:32
2 - 0% - 40% - 0:00
PK Defense
1 - 46% - 60% - 1:10
2 - 54% - 40% - 1:22
PK3 Forward
1 - 0% - 60%
2 - 0% - 40%
PK3 Defense
1 - 0% - 50%
2 - 0% - 50%
44 Forward
1 - 73% - 60% - 1:03
2 - 27% - 40% - 0:23
44 Defense
1 - 53% - 50% - 0:46
2 - 47% - 50% - 0:40
Last Minute Offensive  - 0:49
Last Minute Defensive  - 0:00
Total
Forward - 60:00
Defense - 60:00

Play-by-Play

1st period


0:01 of 1st period - Patrice Bergeron wins face-off versus Mark Scheifele in neutral zone.
0:32 of 1st period - Duncan Keith is hit by Alex DeBrincat and loses puck.
0:49 of 1st period - Wrist shot by Cam Atkinson.
0:49 of 1st period - Shot Misses the Net.
1:17 of 1st period - Slapshot by Pat Maroon.
1:17 of 1st period - Shot Blocked by Zemgus Girgensons.
2:21 of 1st period - Off-side.
2:22 of 1st period - Chris Tierney wins face-off versus Mark Scheifele in neutral zone.
3:08 of 1st period - Icing by Troy Stecher.
3:09 of 1st period - Patrice Bergeron wins face-off versus Noel Acciari in Red Wings zone.
3:54 of 1st period - Slapshot by Elias Lindholm.
3:54 of 1st period - Shot Misses the Net.
4:14 of 1st period - Wrist shot by Oliver Bjorkstrand.
4:14 of 1st period - Stopped by Linus Ullmark without a rebound.
4:15 of 1st period - Chris Tierney wins face-off versus Nick Bonino in Wild zone.
5:04 of 1st period - Snap shot by Elias Lindholm.
5:04 of 1st period - Shot Misses the Net.
5:46 of 1st period - Wrist shot by Brad Marchand.
5:46 of 1st period - Shot Misses the Net.
5:48 of 1st period - Slapshot by Alexander Edler.
5:48 of 1st period - Stopped by Marc-Andre Fleury without a rebound.
5:49 of 1st period - Patrice Bergeron wins face-off versus Mark Scheifele in Red Wings zone.
5:52 of 1st period - Snap shot by Patrice Bergeron.
5:52 of 1st period - Stopped by Marc-Andre Fleury without a rebound.
5:53 of 1st period - Mark Scheifele wins face-off versus Patrice Bergeron in Red Wings zone.
5:58 of 1st period - Wrist shot by David Pastrnak.
5:58 of 1st period - Stopped by Linus Ullmark with a rebound.
6:18 of 1st period - Wrist shot by Brad Marchand.
6:18 of 1st period - Stopped by Marc-Andre Fleury with a rebound.
6:20 of 1st period - Wrist shot by Adrian Kempe.
6:20 of 1st period - Shot Blocked by Dylan DeMelo.
6:22 of 1st period - Slapshot by Devon Toews.
6:22 of 1st period - Stopped by Marc-Andre Fleury without a rebound.
6:23 of 1st period - Elias Lindholm wins face-off versus John Tavares in Red Wings zone.
6:31 of 1st period - Off-side.
6:32 of 1st period - Elias Lindholm wins face-off versus John Tavares in neutral zone.
6:42 of 1st period - Wrist shot by Alex DeBrincat.
6:42 of 1st period - Shot Blocked by Haydn Fleury.
6:44 of 1st period - Snap shot by Brandon Carlo.
6:44 of 1st period - Stopped by Marc-Andre Fleury without a rebound.
6:45 of 1st period - Nick Bonino wins face-off versus Jack Eichel in Red Wings zone.
6:45 of 1st period - Nick Bonino is hit by Jesper Fast.
7:15 of 1st period - Snap shot by Alex DeBrincat.
7:15 of 1st period - Deflect By Elias Lindholm.
7:15 of 1st period - Shot Misses the Net.
7:15 of 1st period - Puck is out of play.
7:16 of 1st period - John Tavares wins face-off versus Elias Lindholm in Red Wings zone.
7:21 of 1st period - Backhand shot by Cam Atkinson.
7:21 of 1st period - Stopped by Linus Ullmark with a rebound.
7:27 of 1st period - Snap shot by John Tavares.
7:27 of 1st period - Shot Misses the Net.
7:29 of 1st period - Slapshot by Duncan Keith.
7:29 of 1st period - Shot Blocked by Alex DeBrincat.
7:31 of 1st period - Slapshot by John Tavares.
7:31 of 1st period - Shot Misses the Net.
7:33 of 1st period - Snap shot by Jeff Petry.
7:33 of 1st period - Shot Blocked by Elias Lindholm.
7:43 of 1st period - Duncan Keith is hit by Brayden McNabb and loses puck.
8:10 of 1st period - Snap shot by Oliver Bjorkstrand.
8:10 of 1st period - Shot Misses the Net.
8:26 of 1st period - Snap shot by Cam Atkinson.
8:26 of 1st period - Stopped by Linus Ullmark with a rebound.
8:28 of 1st period - Slapshot by Lars Eller.
8:28 of 1st period - Shot Blocked by Alexander Edler.
8:34 of 1st period - Wrist shot by John Tavares.
8:34 of 1st period - Shot Misses the Net.
9:55 of 1st period - Snap shot by John Tavares.
9:55 of 1st period - Goal by John Tavares - Wild : 0 - Red Wings : 1.
9:56 of 1st period - Mark Scheifele wins face-off versus Patrice Bergeron in neutral zone.
10:03 of 1st period - Snap shot by Mark Scheifele.
10:03 of 1st period - Stopped by Linus Ullmark without a rebound.
10:04 of 1st period - Patrice Bergeron wins face-off versus David Pastrnak in Wild zone.
11:59 of 1st period - Slapshot by Nikita Kucherov.
11:59 of 1st period - Shot Misses the Net.
12:09 of 1st period - Wrist shot by Alex DeBrincat.
12:09 of 1st period - Shot Misses the Net.
12:39 of 1st period - John Tavares is hit by Alexander Edler and loses puck.
12:46 of 1st period - Snap shot by Brad Marchand.
12:46 of 1st period - Goal by Brad Marchand - Wild : 1 - Red Wings : 1.
12:47 of 1st period - Elias Lindholm wins face-off versus Mark Scheifele in neutral zone.
12:58 of 1st period - Snap shot by Alex DeBrincat.
12:58 of 1st period - Stopped by Marc-Andre Fleury without a rebound.
12:59 of 1st period - Patrice Bergeron wins face-off versus Nick Bonino in Red Wings zone.
13:12 of 1st period - Wrist shot by Oliver Bjorkstrand.
13:12 of 1st period - Stopped by Linus Ullmark with a rebound.
13:33 of 1st period - Snap shot by Elias Lindholm.
13:33 of 1st period - Stopped by Marc-Andre Fleury with a rebound.
13:35 of 1st period - Snap shot by Elias Lindholm.
13:35 of 1st period - Shot Misses the Net.
13:37 of 1st period - Snap shot by Elias Lindholm.
13:37 of 1st period - Shot Blocked by Connor Brown.
13:51 of 1st period - Wrist shot by Cam Atkinson.
13:51 of 1st period - Deflect By Alexander Edler.
13:51 of 1st period - Stopped by Linus Ullmark with a rebound.
13:53 of 1st period - Snap shot by Haydn Fleury.
13:53 of 1st period - Shot Blocked by Devon Toews.
13:55 of 1st period - Slapshot by Lars Eller.
13:55 of 1st period - Stopped by Linus Ullmark with a rebound.
14:18 of 1st period - Devon Toews is hit by Jujhar Khaira and loses puck.
14:41 of 1st period - Snap shot by Patrice Bergeron.
14:41 of 1st period - Shot Misses the Net.
15:13 of 1st period - Dylan DeMelo is hit by Eric Staal and loses puck.
16:25 of 1st period - Snap shot by Jack Eichel.
16:25 of 1st period - Shot Misses the Net.
16:39 of 1st period - Snap shot by William Nylander.
16:39 of 1st period - Shot Misses the Net.
16:41 of 1st period - Wrist shot by William Nylander.
16:41 of 1st period - Stopped by Marc-Andre Fleury with a rebound.
16:43 of 1st period - Wrist shot by Jesper Fast.
16:43 of 1st period - Stopped by Marc-Andre Fleury without a rebound.
16:44 of 1st period - Mark Scheifele wins face-off versus Patrice Bergeron in Red Wings zone.
17:13 of 1st period - Snap shot by Alex DeBrincat.
17:13 of 1st period - Stopped by Marc-Andre Fleury without a rebound.
17:14 of 1st period - Elias Lindholm wins face-off versus Nick Bonino in Red Wings zone.
18:06 of 1st period - Wrist shot by John Tavares.
18:06 of 1st period - Shot Misses the Net.
18:08 of 1st period - Snap shot by John Tavares.
18:08 of 1st period - Stopped by Linus Ullmark with a rebound.
18:10 of 1st period - Wrist shot by Lars Eller.
18:10 of 1st period - Shot Blocked by Brayden McNabb.
19:09 of 1st period - Devon Toews is hit by John Tavares and loses puck.
19:14 of 1st period - Snap shot by Lars Eller.
19:14 of 1st period - Deflect By Devon Toews.
19:14 of 1st period - Stopped by Linus Ullmark with a rebound.
19:28 of 1st period - Backhand shot by Pat Maroon.
19:28 of 1st period - Stopped by Marc-Andre Fleury without a rebound.
19:29 of 1st period - Mark Scheifele wins face-off versus Chris Tierney in Red Wings zone.
19:34 of 1st period - Wrist shot by David Pastrnak.
19:34 of 1st period - Deflect By Alexandre Carrier.
19:34 of 1st period - Shot Blocked by Alexandre Carrier.
19:34 of 1st period - Puck is out of play.
19:35 of 1st period - Elias Lindholm wins face-off versus Mark Scheifele in Wild zone.
19:55 of 1st period - Haydn Fleury is hit by Alex DeBrincat and loses puck.
Goals for this period are 1 for Wild vs 1 for Red Wings.
Shots for this period are 12 for Wild vs 11 for Red Wings.

2nd period


0:01 of 2nd period - Patrice Bergeron wins face-off versus Cam Atkinson in neutral zone.
0:37 of 2nd period - Wrist shot by Mark Scheifele.
0:37 of 2nd period - Stopped by Linus Ullmark with a rebound.
1:11 of 2nd period - Wrist shot by Chris Tierney.
1:11 of 2nd period - Shot Misses the Net.
1:52 of 2nd period - Troy Stecher is hit by Elias Lindholm.
2:13 of 2nd period - Wrist shot by Mark Scheifele.
2:13 of 2nd period - Stopped by Linus Ullmark without a rebound.
2:14 of 2nd period - Jack Eichel wins face-off versus Nick Bonino in Wild zone.
2:19 of 2nd period - Snap shot by Nick Bonino.
2:19 of 2nd period - Shot Misses the Net.
2:21 of 2nd period - Wrist shot by Jujhar Khaira.
2:21 of 2nd period - Stopped by Linus Ullmark without a rebound.
2:22 of 2nd period - John Tavares wins face-off versus Patrice Bergeron in Wild zone.
2:38 of 2nd period - Icing by Brad Marchand.
2:39 of 2nd period - Connor Brown wins face-off versus Patrice Bergeron in Wild zone.
2:40 of 2nd period - Slapshot by Mark Scheifele.
2:40 of 2nd period - Stopped by Linus Ullmark with a rebound.
2:42 of 2nd period - Slapshot by Duncan Keith.
2:42 of 2nd period - Shot Blocked by Adrian Kempe.
3:08 of 2nd period - Snap shot by Oliver Bjorkstrand.
3:08 of 2nd period - Shot Misses the Net.
3:26 of 2nd period - Snap shot by Brad Marchand.
3:26 of 2nd period - Stopped by Marc-Andre Fleury without a rebound.
3:27 of 2nd period - Cam Atkinson wins face-off versus Elias Lindholm in Red Wings zone.
3:42 of 2nd period - Slapshot by Alex DeBrincat.
3:42 of 2nd period - Shot Blocked by Duncan Keith.
3:44 of 2nd period - Snap shot by Alex DeBrincat.
3:44 of 2nd period - Stopped by Marc-Andre Fleury without a rebound.
3:45 of 2nd period - Jack Eichel wins face-off versus Mark Scheifele in Red Wings zone.
4:12 of 2nd period - Alex DeBrincat is hit by Dylan DeMelo.
4:26 of 2nd period - Snap shot by Cam Atkinson.
4:26 of 2nd period - Deflect By John Tavares.
4:26 of 2nd period - Deflect By Alex DeBrincat.
4:26 of 2nd period - Shot Blocked by Nikita Kucherov.
4:26 of 2nd period - Puck is out of play.
4:27 of 2nd period - Nick Bonino wins face-off versus Patrice Bergeron in Wild zone.
4:40 of 2nd period - Wrist shot by Brad Marchand.
4:40 of 2nd period - Stopped by Marc-Andre Fleury with a rebound.
4:42 of 2nd period - Wrist shot by Brad Marchand.
4:42 of 2nd period - Shot Misses the Net.
5:19 of 2nd period - Wrist shot by William Nylander.
5:19 of 2nd period - Goal by William Nylander - Wild : 2 - Red Wings : 1.
5:20 of 2nd period - Mark Scheifele wins face-off versus Elias Lindholm in neutral zone.
5:31 of 2nd period - Slapshot by David Pastrnak.
5:31 of 2nd period - Stopped by Linus Ullmark without a rebound.
5:32 of 2nd period - Connor Brown wins face-off versus Elias Lindholm in Wild zone.
6:05 of 2nd period - Wrist shot by Brad Marchand.
6:05 of 2nd period - Stopped by Marc-Andre Fleury with a rebound.
6:12 of 2nd period - Off-side.
6:13 of 2nd period - Oliver Bjorkstrand wins face-off versus Jack Eichel in neutral zone.
6:22 of 2nd period - Snap shot by Jack Eichel.
6:22 of 2nd period - Shot Blocked by Dylan DeMelo.
6:24 of 2nd period - Minor Penalty to Jujhar Khaira for Hooking.
6:25 of 2nd period - Noel Acciari wins face-off versus Patrice Bergeron in Red Wings zone.
6:52 of 2nd period - Elias Lindholm is hit by Noel Acciari and loses puck.
7:51 of 2nd period - Noel Acciari is hit by Alexander Edler and loses puck.
8:24 of 2nd period - Penalty to Jujhar Khaira is over, Jujhar Khaira is back on ice.
8:40 of 2nd period - Wrist shot by John Tavares.
8:40 of 2nd period - Stopped by Linus Ullmark without a rebound.
8:41 of 2nd period - Chris Tierney wins face-off versus Nick Bonino in Wild zone.
8:56 of 2nd period - Snap shot by Pat Maroon.
8:56 of 2nd period - Stopped by Marc-Andre Fleury without a rebound.
8:57 of 2nd period - Patrice Bergeron wins face-off versus John Tavares in Red Wings zone.
9:02 of 2nd period - Snap shot by Adrian Kempe.
9:02 of 2nd period - Stopped by Marc-Andre Fleury without a rebound.
9:03 of 2nd period - John Tavares wins face-off versus Brad Marchand in Red Wings zone.
9:03 of 2nd period - Lars Eller is hit by Patrice Bergeron and loses puck.
9:21 of 2nd period - Minor Penalty to Brad Marchand for Roughing.
9:22 of 2nd period - Chris Tierney wins face-off versus John Tavares in Wild zone.
9:33 of 2nd period - Off-side.
9:34 of 2nd period - John Tavares wins face-off versus Chris Tierney in neutral zone.
9:37 of 2nd period - Mario Ferraro is hit by Mark Scheifele and loses puck.
9:50 of 2nd period - Wrist shot by Mark Scheifele.
9:50 of 2nd period - Shot Misses the Net.
10:18 of 2nd period - Snap shot by Nikita Kucherov.
10:18 of 2nd period - Shot Blocked by David Pastrnak.
10:39 of 2nd period - Icing by Mark Scheifele.
10:40 of 2nd period - Lars Eller wins face-off versus Elias Lindholm in Red Wings zone.
11:21 of 2nd period - Penalty to Brad Marchand is over, Brad Marchand is back on ice.
13:02 of 2nd period - Jeff Petry is hit by Elias Lindholm and loses puck.
13:46 of 2nd period - Snap shot by Oliver Bjorkstrand.
13:46 of 2nd period - Stopped by Linus Ullmark with a rebound.
13:48 of 2nd period - Slapshot by Nick Bonino.
13:48 of 2nd period - Stopped by Linus Ullmark without a rebound.
13:49 of 2nd period - Nick Bonino wins face-off versus Nikita Kucherov in Wild zone.
13:58 of 2nd period - Jujhar Khaira is hit by Nikita Kucherov and loses puck.
14:05 of 2nd period - Wrist shot by Nick Bonino.
14:05 of 2nd period - Stopped by Linus Ullmark with a rebound.
14:07 of 2nd period - Slapshot by Haydn Fleury.
14:07 of 2nd period - Stopped by Linus Ullmark with a rebound.
14:13 of 2nd period - Slapshot by Jujhar Khaira.
14:13 of 2nd period - Deflect By Nick Bonino.
14:13 of 2nd period - Shot Blocked by Devon Toews.
14:13 of 2nd period - Puck is out of play.
14:14 of 2nd period - Mark Scheifele wins face-off versus Adrian Kempe in Wild zone.
14:15 of 2nd period - Slapshot by David Pastrnak.
14:15 of 2nd period - Stopped by Linus Ullmark without a rebound.
14:16 of 2nd period - Mark Scheifele wins face-off versus Patrice Bergeron in Wild zone.
14:45 of 2nd period - Snap shot by Jack Eichel.
14:45 of 2nd period - Shot Misses the Net.
14:47 of 2nd period - Slapshot by Brayden McNabb.
14:47 of 2nd period - Stopped by Marc-Andre Fleury with a rebound.
15:07 of 2nd period - Snap shot by Lars Eller.
15:07 of 2nd period - Goal by Lars Eller - Wild : 2 - Red Wings : 2.
15:08 of 2nd period - David Pastrnak wins face-off versus Elias Lindholm in neutral zone.
15:25 of 2nd period - Snap shot by Mark Scheifele.
15:25 of 2nd period - Shot Misses the Net.
16:31 of 2nd period - Jeff Petry is hit by Pat Maroon.
17:06 of 2nd period - Minor Penalty to Elias Lindholm for Roughing.
17:07 of 2nd period - Chris Tierney wins face-off versus John Tavares in Wild zone.
17:16 of 2nd period - Snap shot by Jesper Fast.
17:16 of 2nd period - Shot Blocked by David Pastrnak.
17:18 of 2nd period - Backhand shot by Chris Tierney.
17:18 of 2nd period - Shot Misses the Net.
17:20 of 2nd period - Slapshot by Brandon Carlo.
17:20 of 2nd period - Stopped by Marc-Andre Fleury with a rebound.
17:22 of 2nd period - Wrist shot by Chris Tierney.
17:22 of 2nd period - Shot Blocked by Anton Stralman.
17:39 of 2nd period - Minor Penalty to Anton Stralman for Hooking.
17:40 of 2nd period - Mark Scheifele wins face-off versus Patrice Bergeron in Red Wings zone.
17:53 of 2nd period - Slapshot by Devon Toews.
17:53 of 2nd period - Goal by Devon Toews - Wild : 3 - Red Wings : 2.
17:54 of 2nd period - Mark Scheifele wins face-off versus Brad Marchand in neutral zone.
18:36 of 2nd period - Slapshot by Chris Tierney.
18:36 of 2nd period - Stopped by Marc-Andre Fleury with a rebound.
18:38 of 2nd period - Wrist shot by Chris Tierney.
18:38 of 2nd period - Shot Misses the Net.
18:40 of 2nd period - Wrist shot by Devon Toews.
18:40 of 2nd period - Stopped by Marc-Andre Fleury with a rebound.
18:42 of 2nd period - Slapshot by Alexander Edler.
18:42 of 2nd period - Shot Blocked by Duncan Keith.
18:44 of 2nd period - Slapshot by Alexander Edler.
18:44 of 2nd period - Stopped by Marc-Andre Fleury with a rebound.
18:46 of 2nd period - Snap shot by Chris Tierney.
18:46 of 2nd period - Shot Hit the Post.
19:06 of 2nd period - Penalty to Elias Lindholm is over, Elias Lindholm is back on ice.
19:06 of 2nd period - Mark Scheifele is hit by Chris Tierney and loses puck.
19:31 of 2nd period - Snap shot by Alex DeBrincat.
19:31 of 2nd period - Stopped by Marc-Andre Fleury with a rebound.
19:33 of 2nd period - Snap shot by Chris Tierney.
19:33 of 2nd period - Stopped by Marc-Andre Fleury with a rebound.
19:39 of 2nd period - Penalty to Anton Stralman is over, Anton Stralman is back on ice.
Goals for this period are 2 for Wild vs 1 for Red Wings.
Shots for this period are 15 for Wild vs 12 for Red Wings.

3rd period


0:01 of 3rd period - Mark Scheifele wins face-off versus Elias Lindholm in neutral zone.
0:38 of 3rd period - Wrist shot by Brad Marchand.
0:38 of 3rd period - Stopped by Marc-Andre Fleury with a rebound.
1:31 of 3rd period - Zemgus Girgensons is hit by Patrice Bergeron.
1:35 of 3rd period - Slapshot by Patrice Bergeron.
1:35 of 3rd period - Stopped by Marc-Andre Fleury with a rebound.
1:37 of 3rd period - Slapshot by Alexandre Carrier.
1:37 of 3rd period - Stopped by Marc-Andre Fleury with a rebound.
1:39 of 3rd period - Slapshot by Mario Ferraro.
1:39 of 3rd period - Shot Misses the Net.
1:41 of 3rd period - Wrist shot by Patrice Bergeron.
1:41 of 3rd period - Shot Misses the Net.
1:43 of 3rd period - Slapshot by Brad Marchand.
1:43 of 3rd period - Shot Misses the Net.
2:51 of 3rd period - Minor Penalty to Brandon Carlo for Interference.
2:52 of 3rd period - John Tavares wins face-off versus Jesper Fast in Wild zone.
3:12 of 3rd period - Brayden McNabb is hit by Anton Stralman and loses puck.
4:51 of 3rd period - Penalty to Brandon Carlo is over, Brandon Carlo is back on ice.
5:05 of 3rd period - Jeff Petry is hit by Patrice Bergeron and loses puck.
5:30 of 3rd period - Nico Sturm is hit by Brayden McNabb and loses puck.
5:38 of 3rd period - Icing by Haydn Fleury.
5:39 of 3rd period - Noel Acciari wins face-off versus Elias Lindholm in Red Wings zone.
5:46 of 3rd period - Wrist shot by Oliver Bjorkstrand.
5:46 of 3rd period - Deflect By Nick Bonino.
5:46 of 3rd period - Stopped by Linus Ullmark without a rebound.
5:47 of 3rd period - Nick Bonino wins face-off versus Patrice Bergeron in Wild zone.
5:53 of 3rd period - Off-side.
5:54 of 3rd period - Patrice Bergeron wins face-off versus Mark Scheifele in neutral zone.
6:42 of 3rd period - Off-side.
6:43 of 3rd period - Nick Bonino wins face-off versus Chris Tierney in neutral zone.
6:53 of 3rd period - Off-side.
6:54 of 3rd period - Mark Scheifele wins face-off versus Elias Lindholm in neutral zone.
7:01 of 3rd period - Elias Lindholm is hit by Troy Stecher and loses puck.
7:09 of 3rd period - Off-side.
7:10 of 3rd period - John Tavares wins face-off versus Brad Marchand in neutral zone.
7:15 of 3rd period - Wrist shot by Lars Eller.
7:15 of 3rd period - Shot Misses the Net.
7:27 of 3rd period - Wrist shot by Cam Atkinson.
7:27 of 3rd period - Shot Misses the Net.
8:05 of 3rd period - Nico Sturm is hit by Elias Lindholm and loses puck.
8:43 of 3rd period - Icing by Alex DeBrincat.
8:44 of 3rd period - John Tavares wins face-off versus Patrice Bergeron in Wild zone.
8:59 of 3rd period - Wrist shot by Patrice Bergeron.
8:59 of 3rd period - Shot Misses the Net.
9:21 of 3rd period - Snap shot by John Tavares.
9:21 of 3rd period - Stopped by Linus Ullmark with a rebound.
9:23 of 3rd period - Wrist shot by Cam Atkinson.
9:23 of 3rd period - Stopped by Linus Ullmark with a rebound.
9:25 of 3rd period - Wrist shot by Lars Eller.
9:25 of 3rd period - Shot Misses the Net.
9:27 of 3rd period - Slapshot by Haydn Fleury.
9:27 of 3rd period - Stopped by Linus Ullmark with a rebound.
9:29 of 3rd period - Snap shot by Cam Atkinson.
9:29 of 3rd period - Stopped by Linus Ullmark with a rebound.
9:31 of 3rd period - Slapshot by Haydn Fleury.
9:31 of 3rd period - Deflect By John Tavares.
9:31 of 3rd period - Goal by John Tavares - Wild : 3 - Red Wings : 3.
9:32 of 3rd period - Patrice Bergeron wins face-off versus Mark Scheifele in neutral zone.
10:03 of 3rd period - Snap shot by Oliver Bjorkstrand.
10:03 of 3rd period - Deflect By Jujhar Khaira.
10:03 of 3rd period - Shot Misses the Net.
10:03 of 3rd period - Puck is out of play.
10:04 of 3rd period - Elias Lindholm wins face-off versus Oliver Bjorkstrand in Wild zone.
10:25 of 3rd period - Slapshot by Dylan DeMelo.
10:25 of 3rd period - Deflect By Oliver Bjorkstrand.
10:25 of 3rd period - Shot Misses the Net.
10:25 of 3rd period - Puck is out of play.
10:26 of 3rd period - Patrice Bergeron wins face-off versus Mark Scheifele in Wild zone.
10:51 of 3rd period - Brandon Carlo is hit by John Tavares.
11:05 of 3rd period - Snap shot by Lars Eller.
11:05 of 3rd period - Stopped by Linus Ullmark with a rebound.
11:16 of 3rd period - Off-side.
11:17 of 3rd period - Jack Eichel wins face-off versus Nick Bonino in neutral zone.
11:22 of 3rd period - Wrist shot by Alexandre Carrier.
11:22 of 3rd period - Deflect By Oliver Bjorkstrand.
11:22 of 3rd period - Stopped by Marc-Andre Fleury without a rebound.
11:23 of 3rd period - Patrice Bergeron wins face-off versus Mark Scheifele in Red Wings zone.
11:50 of 3rd period - Wrist shot by Nikita Kucherov.
11:50 of 3rd period - Shot Misses the Net.
11:52 of 3rd period - Snap shot by Elias Lindholm.
11:52 of 3rd period - Stopped by Marc-Andre Fleury with a rebound.
11:54 of 3rd period - Slapshot by Alexandre Carrier.
11:54 of 3rd period - Deflect By Alex DeBrincat.
11:54 of 3rd period - Shot Misses the Net.
11:54 of 3rd period - Puck is out of play.
11:55 of 3rd period - John Tavares wins face-off versus Nikita Kucherov in Red Wings zone.
11:55 of 3rd period - John Tavares is hit by Nikita Kucherov.
12:13 of 3rd period - Cam Atkinson is hit by Brayden McNabb and loses puck.
12:44 of 3rd period - Minor Penalty to Brad Marchand for Tripping.
12:45 of 3rd period - John Tavares wins face-off versus Jesper Fast in Wild zone.
12:54 of 3rd period - Snap shot by Mark Scheifele.
12:54 of 3rd period - Stopped by Linus Ullmark with a rebound.
12:56 of 3rd period - Wrist shot by David Pastrnak.
12:56 of 3rd period - Shot Misses the Net.
14:44 of 3rd period - Penalty to Brad Marchand is over, Brad Marchand is back on ice.
15:51 of 3rd period - Icing by Elias Lindholm.
15:52 of 3rd period - Zemgus Girgensons wins face-off versus Adrian Kempe in Wild zone.
15:59 of 3rd period - Wrist shot by Nico Sturm.
15:59 of 3rd period - Deflect By Connor Brown.
15:59 of 3rd period - Stopped by Linus Ullmark with a rebound.
16:01 of 3rd period - Slapshot by Nico Sturm.
16:01 of 3rd period - Deflect By Patrice Bergeron.
16:01 of 3rd period - Stopped by Linus Ullmark without a rebound.
16:02 of 3rd period - Nick Bonino wins face-off versus Jack Eichel in Wild zone.
16:03 of 3rd period - Slapshot by Oliver Bjorkstrand.
16:03 of 3rd period - Stopped by Linus Ullmark without a rebound.
16:04 of 3rd period - Nick Bonino wins face-off versus Jack Eichel in Wild zone.
18:57 of 3rd period - Slapshot by Jeff Petry.
18:57 of 3rd period - Stopped by Linus Ullmark without a rebound.
18:58 of 3rd period - Elias Lindholm wins face-off versus Nick Bonino in Wild zone.
19:02 of 3rd period - Off-side.
19:03 of 3rd period - Jesper Fast wins face-off versus Nick Bonino in neutral zone.
19:08 of 3rd period - Wrist shot by William Nylander.
19:08 of 3rd period - Shot Blocked by Nick Bonino.
19:10 of 3rd period - Wrist shot by Jack Eichel.
19:10 of 3rd period - Goal by Jack Eichel - Wild : 4 - Red Wings : 3.
19:11 of 3rd period - Chris Tierney wins face-off versus John Tavares in neutral zone.
19:11 of 3rd period - Chris Tierney is hit by Duncan Keith.
19:19 of 3rd period - Slapshot by Jesper Fast.
19:19 of 3rd period - Shot Misses the Net.
19:32 of 3rd period - Red Wings, Marc-Andre Fleury is pulled from the net.
Goals for this period are 1 for Wild vs 1 for Red Wings.
Shots for this period are 6 for Wild vs 12 for Red Wings. Output by the SimonT Hockey Simulator (STHS) for Alexandre Lamarre - Original Page W3C HTML5 Valid
Hockey Simulator - Hockey Simulation - Hockey Manager